 Dungeon Crawl Stone Soup version 0.23.1-44-gbd83930989 (webtiles) character file.

Game seed: 4175566808157379557

819 Peloso the Shield-Bearer (level 7, -2/61 HPs)
             Began as a Minotaur Fighter on Mar 31, 2019.
             Slain by a troll (4 damage)
             ... on level 5 of the Dungeon.
             The game lasted 00:08:06 (4373 turns).

Peloso the Shield-Bearer (Minotaur Fighter)         Turns: 4373, Time: 00:08:06

Health: -2/61      AC: 12    Str: 21    XL:     7   Next: 63%
Magic:  15/15      EV:  7    Int:  5    God:
Gold:   253        SH: 10    Dex: 11    Spells: 6/6 levels left

rFire    . . .     SeeInvis .   a - +0 long sword
rCold    . . .     Gourm    .   c - +0 shield
rNeg     . . .     Faith    .   i - +0 chain mail
rPois    .         Spirit   .   (helmet restricted)
rElec    .         Reflect  .   (no cloak)
rCorr    .         Harm     .   k - +0 pair of gloves
MR       .....                  e - +0 pair of boots
Stlth    ..........             (no amulet)
HPRegen  0.20/turn              s - ring of magical power
MPRegen  0.14/turn              (no ring)

@: no status effects
A: retaliatory headbutt, horns 2
a: no special abilities


You were on level 5 of the Dungeon.
You were hungry.

You visited 1 branch of the dungeon, and saw 5 of its levels.
You also visited: Sewer.

You collected 253 gold pieces.

Inventory:

Hand Weapons
 a - a +0 long sword (weapon)
Armour
 b - a +0 scale mail
 c - a +0 shield (worn)
 e - a +0 pair of boots (worn)
 i - a +0 chain mail (worn)
 k - a +0 pair of gloves (worn)
Jewellery
 s - a ring of magical power (left hand)
Wands
 p - a wand of digging (3)
Scrolls
 g - a scroll of magic mapping {unknown}
 j - 2 scrolls of remove curse
 o - 2 scrolls of fog {unknown}
 v - a scroll of identify
Potions
 d - 2 potions of heal wounds
 h - 2 potions of lignification {unknown}
 l - a potion of agility {unknown}
 m - 4 potions of curing {unknown}
 n - a potion of might
 q - 2 potions of flight {unknown}
 r - a potion of invisibility {unknown}
 u - a potion of berserk rage {unknown}
Comestibles
 f - 7 rations


   Skills:
 + Level 5.0 Fighting
 + Level 6.2 Long Blades
 + Level 5.5 Armour
 + Level 2.2 Dodging
 + Level 1.2 Stealth
 + Level 6.5 Shields


You had 6 spell levels left.
You didn't know any spells.
Your spell library contained the following spells:

 Spells                   Type           Power        Failure   Level  Hunger
 Magic Dart               Conj           #...         100%        1    ##.....
 Searing Ray              Conj           #.....       100%        2    ###....
 Dazzling Spray           Conj/Hex       #.....       100%        3    ####...
 Force Lance              Conj/Tloc      #.......     100%        4    #####..
 Fulminant Prism          Conj/Hex       #.........   100%        4    #####..
 Iskenderun's Mystic Bla  Conj           #.......     100%        4    #####..


Dungeon Overview and Level Annotations

Branches:
Dungeon (5/15)
 Temple: D:4-7

Altars:
Gozag
Qazlal
Sif Muna
Zin

Annotations:
D:3 1 runed translucent door, Marnok's ghost, amateur DsGl


Innate Abilities, Weirdness & Mutations

You reflexively headbutt those who attack you in melee.
You have a pair of horns on your head.


Message History

The troll bites you.
* * * LOW HITPOINT WARNING * * *
The troll completely misses you. The troll claws you but does no damage.
You hit the troll.
The troll is lightly wounded.
The troll closely misses you.
The troll claws you but does no damage. x2
The troll completely misses you. The troll claws you but does no damage.
You block the troll's attack.
You slash the troll!
The troll is moderately wounded.
You block the troll's attack. x2; The troll claws you but does no damage.
You hit the troll.
The troll is heavily wounded.
The troll barely misses you. The troll claws you.
* * * LOW HITPOINT WARNING * * *
You block the troll's attack.
You hit the troll.
The troll is heavily wounded.
You block the troll's attack. The troll claws you.
You die...

#.############ # #.# #. #. #.# #.
#.##### #.# #. #.....## #.# #.
#......## #.# #. . #.......## #.#
#. ..##........########.#######
#.
....=....._...oT@....#.....#####.
....)/......##########...........
...........## #.(.........
#.##.####### #........... # #.
#####....... #. #....... #+
#....... #######. #.


You could see a troll and an orc.

Vanquished Creatures
  A sky beast (D:2)
  A big kobold (Sewer)
  Blork the orc (D:5)
  A howler monkey (D:4)
  A jelly (D:5)
  2 hounds (D:4)
  A bullfrog skeleton (D:4)
  An orc priest (D:4)
  A gnoll shaman (D:4)
  An iguana (D:5)
  Ijyb (D:4)
  An orc wizard (D:4)
  2 worker ants
  3 gnolls (D:4)
  2 river rats (Sewer)
  9 adders
  An ooze (D:2)
  2 worms
  A dart slug (D:4)
  5 leopard geckos
  11 orcs
  7 giant cockroaches
  3 goblins
  8 hobgoblins
  2 jackals
  A quokka (D:4)
  2 ball pythons (D:3)
  8 bats
  6 frilled lizards
  10 kobolds
  A quokka skeleton (D:4)
  16 rats
113 creatures vanquished.

Notes
Turn   | Place    | Note
-------+----------+-------------------------------------------
     0 | D:1      | Peloso the Minotaur Fighter began the quest for the Orb.
     0 | D:1      | Reached XP level 1. HP: 19/19 MP: 0/0
   264 | D:1      | Reached XP level 2. HP: 25/27 MP: 1/1
   883 | D:2      | Noticed a sky beast
  1117 | D:2      | Killed a sky beast
  1117 | D:2      | Reached XP level 3. HP: 13/34 MP: 2/2
  1117 | D:2      | Reached XP level 4. HP: 16/41 MP: 3/3
  1410 | D:2      | Reached XP level 5. HP: 38/47 MP: 4/4
  1801 | D:3      | Reached skill level 1 in Dodging
  2021 | D:3      | Reached skill level 5 in Shields
  2178 | D:3      | Noticed Marnok's ghost (amateur DsGl)
  2178 | D:3      | Noticed a necrophage
  2182 | D:3      | Found a runed translucent door.
  2414 | D:3      | Found a glowing silver altar of Zin.
  2632 | D:3      | Found a deep blue altar of Sif Muna.
  2773 | D:4      | Found a stormy altar of Qazlal.
  2789 | D:4      | Reached XP level 6. HP: 44/53 MP: 5/5
  2820 | D:4      | Found a glowing drain.
  2832 | Sewer    | Entered a sewer
  2941 | Sewer    | Found a glowing silver altar of Zin.
  3042 | D:4      | Noticed Ijyb
  3055 | D:4      | Killed Ijyb
  3055 | D:4      | Reached skill level 1 in Stealth
  3115 | D:4      | Reached skill level 5 in Armour
  3268 | D:4      | Reached skill level 5 in Long Blades
  3376 | D:4      | Reached XP level 7. HP: 59/60 MP: 6/6
  4166 | D:5      | Entered Level 5 of the Dungeon
  4319 | D:5      | Found an opulent altar of Gozag.
  4343 | D:5      | Noticed Blork the orc
  4347 | D:5      | Noticed a troll
  4353 | D:5      | Killed Blork the orc
  4353 | D:5      | Reached skill level 5 in Fighting
  4372 | D:5      | HP: 2/61 [troll (4)]
  4373 | D:5      | Slain by a troll

Skill      XL: |  1  2  3  4  5  6  7 |
---------------+----------------------+-----
Shields        | 4 5 6 |  6.5
Armour         | 4 5 |  5.5
Fighting       | 4 5 |  5.0
Long Blades    | 3 4 5 6 |  6.2
Dodging        | 1 2 |  2.2
Stealth        | 1 |  1.2

Action                   |  1- 3 |  4- 6 |  7- 9 || total
-------------------------+-------+-------+-------++-------
Melee: Long sword        |    66 |   218 |    68 ||   352
       Headbutt          |    12 |    33 |    11 ||    56
  Use: Potion            |     1 |       |     1 ||     2
       Scroll            |       |     5 |       ||     5
 Stab: Sleeping          |       |     1 |       ||     1
  Eat: Chunk             |       |     8 |     3 ||    11
Armor: Scale mail        |    36 |    33 |       ||    69
       Chain mail        |       |    71 |    36 ||   107
       Skin              |       |     3 |       ||     3
Dodge: Dodged            |    18 |    86 |    13 ||   117
Block: Shield            |    31 |   130 |    43 ||   204
       Rpst.: Long sword |     3 |    26 |     2 ||    31
